 Dungeon Crawl Stone Soup version 0.24.0-1-gfbc8707 (webtiles) character file.

Game seed: 6103205815047657051, levelgen mode: deterministic

4659 Blackhawk the Grappler (level 10, -2/100 HPs)
             Began as a Troll Monk on Nov 8, 2019.
             Was a Priest of Makhleb.
             Slain by a killer bee (7 damage)
             ... on level 9 of the Dungeon.
             The game lasted 00:13:39 (7261 turns).

Blackhawk the Grappler (Troll Monk)                 Turns: 7261, Time: 00:13:39

Health: -2/100     AC:  7    Str: 24    XL:     10   Next: 20%
Magic:  9/9        EV: 14    Int:  6    God:    Makhleb [***...]
Gold:   438        SH:  0    Dex: 15    Spells: 9/9 levels left

rFire    . . .     SeeInvis +     - Unarmed
rCold    . . .     Gourm    +   (no shield)
rNeg     . . .     Faith    .   a - +0 robe
rPois    .         Spirit   .   (helmet restricted)
rElec    .         Reflect  .   j - +0 cloak
rCorr    .         Harm     .   (gloves unavailable)
MR       .....                  (boots unavailable)
Stlth    ++........             k - amulet of rage
HPRegen  0.66/turn              w - ring of see invisible
MPRegen  0.11/turn              r - +3 ring of dexterity

@: lethally poisoned (-2 -> -5)
A: large, unfitting armour, claws 3, fast metabolism 3, gourmand, regeneration
1, shaggy fur 1, tough skin 3
a: Minor Destruction, Lesser Servant of Makhleb, Renounce Religion, Evoke
Berserk Rage


You were on level 9 of the Dungeon.
You worshipped Makhleb.
Makhleb was most pleased with you.
You were completely stuffed.

You visited 2 branches of the dungeon, and saw 11 of its levels.
You also visited: Sewer.

You collected 438 gold pieces.

Inventory:

Hand Weapons
 u - the cursed +1 war axe of Faleczy {venom, +Inv MR+ Stlth+}
   (You found it on level 5 of the Dungeon)

   It poisons the flesh of those it strikes.
   It affects your resistance to hostile enchantments.
   It lets you turn invisible.
   It makes you more stealthy.
   It has a curse placed upon it.
Armour
 a - a +0 robe (worn)
 j - a +0 cloak (worn)
Jewellery
 g - an uncursed ring of wizardry
 k - an amulet of rage (around neck)
 r - a +3 ring of dexterity (right claw)
 w - a ring of see invisible (left claw)
 D - an uncursed ring of stealth {unknown}
 M - a +4 ring of intelligence
Wands
 i - a wand of clouds (5)
 F - a wand of acid (17)
 G - a wand of digging (4)
 H - a wand of polymorph (8)
 J - a wand of disintegration (17)
Scrolls
 d - 5 scrolls of teleportation
 f - 3 scrolls of remove curse
 m - a scroll of random uselessness {unknown}
 o - 3 scrolls of fog {unknown}
 q - 2 scrolls of amnesia {unknown}
 s - 2 scrolls of immolation {unknown}
 x - a scroll of fear {unknown}
 y - a scroll of blinking {unknown}
 C - 2 scrolls of vulnerability {unknown}
 E - a scroll of brand weapon {unknown}
Potions
 c - 3 potions of might
 e - 4 potions of curing
 l - a potion of ambrosia
 n - 4 potions of flight
 p - 3 potions of lignification
 t - a potion of degeneration
 v - 2 potions of heal wounds
 z - a potion of agility {unknown}
 A - a potion of invisibility {unknown}
 B - a potion of magic {unknown}
 I - a potion of brilliance {unknown}
 K - a potion of resistance {unknown}
Comestibles
 b - 11 rations
 L - 3 chunks of flesh


   Skills:
 + Level 6.7 Fighting
 + Level 6.8 Dodging
 - Level 1.2 Stealth
 * Level 10.9 Unarmed Combat


You had 9 spell levels left.
You didn't know any spells.
Your spell library contained the following spells:

 Spells                   Type           Power        Failure   Level  Hunger
 Confusing Touch          Hex            #.....       45%         1    ##.....
 Sting                    Conj/Pois      #...         45%         1    ##.....
 Poisonous Vapours        Pois/Air       #.....       58%         2    ###....
 Confuse                  Hex            #.......     83%         3    ####...
 Gell's Gravitas          Tloc           #.........   83%         3    ####...
 Mephitic Cloud           Conj/Pois/Air  #.......     83%         3    ####...
 Olgreb's Toxic Radiance  Pois           #.......     99%         4    #####..
 Petrify                  Tmut/Erth      #.......     99%         4    #####..
 Metabolic Englaciation   Hex/Ice        #.........   100%        5    ######.
 Venom Bolt               Conj/Pois      #.........   100%        5    ######.
 Yara's Violent Unravell  Hex/Tmut       #.........   100%        5    ######.


Dungeon Overview and Level Annotations

Branches:
Dungeon (10/15)            Temple (1/1) D:6           Sewer (visited)
   Lair: D:8-11         Orc: D:9-12

Altars:
Ashenzari
Cheibriados
Elyvilon
Hepliaklqana
Kikubaaqudgha
Makhleb
Okawaru
Qazlal
Ru
Sif Muna
Uskayaw
Vehumet
Wu Jian
Xom
Yredelemnul

Annotations:
D:9 1 runed translucent door, Haveh's ghost, novice GrEE


Innate Abilities, Weirdness & Mutations

You are too large for most types of armour.
You have claws for hands.
Your metabolism is lightning-fast.
You like to eat raw meat.
Your natural rate of healing is unusually fast.
You are covered in fur. (AC +1)
You have extremely tough skin. (AC +3)


Message History

You feel sick.
The killer bee stings you but does no damage. x2
You climb upwards.
Level annotation: 1 runed translucent door, Haveh's ghost, novice GrEE You feel sick.
There is a stone staircase leading down here.
You miss the killer bee.
The killer bee is severely wounded.
You feel sick. The killer bee misses you. The killer bee barely misses you.
The killer bee completely misses you. The killer bee barely misses you.
You barely miss the killer bee.
The killer bee is severely wounded.
You feel sick. The killer bee closely misses you. The killer bee misses you.
You scratch the killer bee.
The killer bee is severely wounded.
You feel sick. The killer bee barely misses you. The killer bee misses you.
The killer bee stings you!
* * * LOW HITPOINT WARNING * * *
The killer bee stings you!
You die...

#..............................
#...######.......).............
#...# #.............#'######
#...# #.............#......#
#...# #.)...........#......#
#...######.............#......#
#......................########
#..............................
#.............@....#######.....
#.....#######.yy...# #.....
#.....# #......# ###### #.....#
######## # #.....# # #.....# #
#######


You could see 2 killer bees.

Vanquished Creatures
  Pikel (D:5)
  A troll (D:10)
  A hippogriff (D:10)
  Duvessa (D:7)
  2 orc warriors (D:9)
  An ice beast (D:5)
  2 sky beasts
  A phantom (D:7)
  A black bear (D:9)
  4 centaurs
  4 ogres
  A big kobold (D:9)
  A bullfrog (D:7)
  A wyvern zombie (D:8)
  Dowan (D:7)
  9 killer bees
  3 wights (D:8)
  A howler monkey (D:4)
  2 crimson imps
  2 centaur zombies
  A bullfrog zombie (D:10)
  A jelly (D:8)
  A centaur skeleton (D:4)
  6 hounds
  6 orc priests
  2 bullfrog skeletons
  3 iguanas
  Ijyb (D:5)
  10 orc wizards
  7 worker ants
  2 hound zombies
  A hound skeleton (D:9)
  11 gnolls
  14 adders
  A shadow imp (D:7)
  2 oozes
  An adder skeleton (D:8)
  3 dart slugs
  4 leopard geckos
  32 orcs
  5 ball pythons
  13 giant cockroaches
  7 goblins
  11 hobgoblins
  23 jackals
  11 kobolds
  3 quokkas
  15 bats
  4 frilled lizards
  8 rats
249 creatures vanquished.

Notes
Turn   | Place    | Note
-------+----------+-------------------------------------------
     0 | D:1      | Blackhawk the Troll Monk began the quest for the Orb.
     0 | D:1      | Reached XP level 1. HP: 22/22 MP: 0/0
    84 | D:1      | Reached XP level 2. HP: 29/29 MP: 1/1
   332 | D:1      | Reached XP level 3. HP: 33/36 MP: 2/2
   610 | D:2      | Reached XP level 4. HP: 40/44 MP: 3/3
   917 | D:2      | Reached skill level 4 in Unarmed Combat
  1102 | D:3      | Reached XP level 5. HP: 49/53 MP: 4/4
  1571 | D:3      | Reached skill level 5 in Unarmed Combat
  1690 | D:3      | Reached XP level 6. HP: 61/61 MP: 5/5
  2302 | D:3      | Reached XP level 7. HP: 58/68 MP: 6/6
  2483 | D:4      | Reached skill level 6 in Unarmed Combat
  2601 | D:5      | Entered Level 5 of the Dungeon
  2614 | D:5      | Noticed Ijyb
  2623 | D:5      | Killed Ijyb
  2813 | D:5      | Got an ancient war axe
  2816 | D:5      | Identified the cursed +1 war axe of Faleczy {venom, +Inv
                  | MR+ Stlth+} (You found it on level 5 of the Dungeon)
  2904 | D:5      | Noticed Pikel
  2910 | D:5      | Killed Pikel
  2910 | D:5      | Reached skill level 7 in Unarmed Combat
  2910 | D:5      | Reached XP level 8. HP: 79/79 MP: 7/7
  2923 | D:5      | Reached skill level 5 in Dodging
  2928 | D:5      | Reached skill level 5 in Fighting
  2972 | D:5      | Found a glowing drain.
  3005 | Sewer    | Entered a sewer
  3013 | Sewer    | Reached skill level 8 in Unarmed Combat
  3804 | D:6      | Found a hazy altar of Hepliaklqana.
  3963 | D:6      | Found a staircase to the Ecumenical Temple.
  3986 | Temple   | Entered the Ecumenical Temple
  4069 | Temple   | Became a worshipper of Makhleb the Destroyer
  4069 | Temple   | Reached * piety under Makhleb
  4069 | Temple   | Reached ** piety under Makhleb
  4576 | D:7      | Reached XP level 9. HP: 73/88 MP: 8/8
  4767 | D:7      | Reached skill level 9 in Unarmed Combat
  4945 | D:7      | Noticed Duvessa
  4947 | D:7      | Noticed Dowan
  4953 | D:7      | Killed Duvessa
  4991 | D:7      | Killed Dowan
  5931 | D:8      | Reached *** piety under Makhleb
  5931 | D:8      | Reached skill level 10 in Unarmed Combat
  6410 | D:9      | Found a runed translucent door.
  6455 | D:9      | Found a shimmering altar of Xom.
  6455 | D:9      | Noticed Haveh's ghost (novice GrEE)
  6885 | D:9      | Reached XP level 10. HP: 87/100 MP: 9/9
  7004 | D:9      | Found a hide-covered altar of Uskayaw.
  7011 | D:9      | Found a shimmering altar of Xom.
  7013 | D:9      | Found a snail-covered altar of Cheibriados.
  7013 | D:9      | Found a sacrificial altar of Ru.
  7016 | D:9      | Found a white marble altar of Elyvilon.
  7113 | D:9      | Noticed a +1 mace of chaos
  7132 | D:10     | Entered Level 10 of the Dungeon
  7261 | D:9      | HP: 5/100 [killer bee (8)]
  7261 | D:9      | Slain by a killer bee

Levels and vault maps discovered:
D:1:      dpeg_arrival_rooms_a, layout_rooms, dk_noncrumbling_4,
          minmay_misc_feat_nine_boxes, chequers_jeans
D:2:      layout_rooms
D:3:      layout_basic, first_ration, chequers_serial_rivers_micro_c,
          kennysheep_generic_room_4
D:4:      layout_rooms
D:5:      layout_loops_ring, portal_sewer_entry_f, uniq_pikel, uniq_ijyb
D:6:      layout_basic, nicolae_overflow_hidden_temple,
          minmay_temple_entry_tees, grunt_decor_resistance
D:7:      layout_basic, uniq_duvessa
D:8:      layout_cave_pools
D:9:      layout_irregular_city, minitemple, ebering_ghost_xom
D:10:     layout_loops_ring
Temple:   regret_index_temple_sphere_string

Skill      XL: |  1  2  3  4  5  6  7  8  9 |
---------------+----------------------------+-----
Dodging        | 3 4 5 6 |  6.8
Fighting       | 3 4 5 6 |  6.7
Unarmed Combat | 4 5 7 8 10 | 10.9
Stealth        | |  1.2

Action                   |  1- 3 |  4- 6 |  7- 9 | 10-12 || total
-------------------------+-------+-------+-------+-------++-------
Melee: Unarmed           |   115 |   185 |   347 |    37 ||   684
       Punch             |     1 |     4 |    14 |     2 ||    21
  Use: Scroll            |       |       |     4 |     5 ||     9
       Potion            |       |       |     3 |       ||     3
 Stab: Sleeping          |       |     2 |     3 |     2 ||     7
  Eat: Chunk             |    11 |    15 |    43 |     4 ||    73
Armor: Robe              |    65 |    52 |   110 |    16 ||   243
Dodge: Dodged            |    82 |   107 |   274 |    48 ||   511
